 Dungeon Crawl Stone Soup version 0.31.0-32-g396128a36d (webtiles) character file.

Game seed: 17182548105265347439

22 ChadusMaximus the Caller (level 2, 0/19 HPs)
             Began as a Barachi Summoner on Mar 10, 2024.
             Slain by a hobgoblin (2 damage)
             ... on level 1 of the Dungeon.
             The game lasted 00:01:01 (770 turns).

ChadusMaximus the Caller (Barachi Summoner)          Turns: 770, Time: 00:01:02

Health: 0/19       AC:  2    Str:  9    XL:     2   Next: 91%
Magic:  3/5        EV: 12    Int: 15    God:
Gold:   11         SH:  0    Dex: 12    Spells: 5/6 levels left

rFire   . . .        f - +0 dagger
rCold   . . .        (no shield)
rNeg    . . .        a - +0 robe
rPois   .            (no helmet)
rElec   .            (no cloak)
rCorr   .            (no gloves)
SInv    .            (no boots)
Will    .....        (no amulet)
Stlth   ++           (no ring)
HPRegen 0.23/turn    (no ring)
MPRegen 0.09/turn

%: no passive effects
@: slow
A: amphibious, slowness 1, strong legs 1, +LOS
a: Hop


You were on level 1 of the Dungeon.
You visited 1 branch of the dungeon, and saw 1 of its levels.

You collected 11 gold pieces.

Inventory:

Hand Weapons
 e - a +0 club
 f - a +0 dagger (weapon)
Armour
 a - a +0 robe (worn)
Scrolls
 c - a scroll of identify {unknown}
 g - a scroll of teleportation {unknown}
Potions
 b - a potion of magic
 d - a potion of curing {unknown}


   Skills:
 - Level 2.1 Dodging
 - Level 1.7 Stealth
 + Level 2.6 Spellcasting
 * Level 5.5 Summonings


You had 5 spell levels left.
You knew the following spells:

 Your Spells              Type           Power      Damage    Failure   Level
a - Summon Small Mammal   Summ           72%        N/A       2%          1

Your spell library contained the following spells:

 Spells                   Type           Power      Damage    Failure   Level
 Call Imp                 Summ           36%        N/A       3%          2
 Call Canine Familiar     Summ           18%        N/A       6%          3
 Apportation              Tloc           2%         N/A       22%         1
 Necrotise                Necr           4%         1d4       22%         1
 Sting                    Conj/Alch      4%         1d3       22%         1
 Summon Blazeheart Golem  Fire/Summ      10%        N/A       54%         4
 Summon Lightning Spire   Summ/Air       10%        N/A       54%         4


Dungeon Overview and Level Annotations

Branches:
Dungeon (1/15)

Altars:


Innate Abilities, Weirdness & Mutations

You are amphibious.
You cover ground slowly.
You can hop short distances.
You have an extended range of vision and can be seen from far away.


Message History

The ball python constricts your bat.
Your bat dies!
Your bat's corpse disappears in a puff of smoke!
The ball python hisses angrily.
The ball python barely misses your rat. The ball python grabs your rat.
The ball python constricts your rat. The ball python bites your rat.
The ball python constricts your rat.
Your rat dies!
Your rat's corpse disappears in a puff of smoke!
The ball python bites you but does no damage.
The ball python closely misses you.
Casting: Summon Small Mammal (safe; 2% risk of failure)
Confirm with . or Enter, or press ? or * to list all spells.
The ball python closely misses you. The ball python misses you.
You barely miss the ball python.
The ball python is severely wounded.
The ball python completely misses you. The ball python closely misses you.
You closely miss the ball python.
The ball python is heavily wounded.
The ball python barely misses you. The ball python misses you.
You hit the ball python.
You kill the ball python!
You are ready to hop once more.
You hit the hobgoblin.
The hobgoblin is heavily wounded.
The hobgoblin hits you.
You hit the hobgoblin.
The hobgoblin is almost dead.
The hobgoblin hits you.
You closely miss the hobgoblin.
The hobgoblin is almost dead.
The hobgoblin completely misses you.
You closely miss the hobgoblin.
The hobgoblin is almost dead.
The hobgoblin hits you.
* * * LOW HITPOINT WARNING * * *
You barely miss the hobgoblin.
The hobgoblin is almost dead.
The hobgoblin hits you.
You die...

##.#
#......#..##.#####.#
##.. +...b............
.. ##.#
#................
##.#.####.....§#.###....
........#......#.# .r
##.####.#......#.# ##.#
#.#......#.#
##.####.######.#g#
##.............#@#
##.####.########r# ...#
#.#........# ##.#
#.#.######.# ##.#
#.#.######.#
##.####...#...##.#
##........≈.≈....#
#........≈.≈###.#
#.######.≈.≈# #.#


You could see a hobgoblin (ally target) and a friendly quokka (summoned).

Vanquished Creatures
  2 ball pythons (D:1)
  2 endoplasms (D:1)
  A goblin (D:1)
  A hobgoblin (D:1)
  2 quokkas (D:1)
  2 rats (D:1)
10 creatures vanquished.

Vanquished Creatures (collateral kills)
  2 endoplasms (D:1)
  A goblin (D:1)
  A quokka (D:1)
  2 bats (D:1)
  A frilled lizard (D:1)
  2 rats (D:1)
9 creatures vanquished.

Grand Total: 19 creatures vanquished

Notes
Turn   | Place    | Note
-------+----------+-------------------------------------------
     0 | D:1      | ChadusMaximus the Barachi Summoner began the quest for the
                  | Orb.
     0 | D:1      | Reached XP level 1. HP: 13/13 MP: 3/3
   128 | D:1      | Reached skill level 5 in Summonings
   190 | D:1      | Reached XP level 2. HP: 19/19 MP: 1/5
   770 | D:1      | Slain by a hobgoblin

Illustrated notes

Levels and vault maps discovered:
D:1:      dpeg_arrival_line_fractal, layout_basic,
          chequers_serial_rivers_micro_d

Skill      XL: |  1 |
---------------+----+-----
Summonings     | 5 |  5.5
Dodging        | |  2.1
Stealth        | |  1.7
Spellcasting   | |  2.6

Action                     || total
---------------------------++-------
  Melee: Unarmed           ||    15
         Dagger            ||    40
         Club              ||    10
   Cast: Summon Small Mamm ||    17
Ability: Hop               ||     1
   Stab: Sleeping          ||     2
 Armour: Robe              ||    44
  Dodge: Dodged            ||    70
